 Dungeon Crawl Stone Soup version 0.28.0-53-g5a82cb258f (webtiles) character file.

Game seed: 17064641552527730445

131 Sin92 the Magician (level 4, -6/32 HPs)
             Began as a Demonspawn Hedge Wizard on July 12, 2022.
             Mangled by a worm (8 damage)
             ... on level 3 of the Dungeon.
             The game lasted 00:10:20 (4292 turns).

Sin92 the Magician (Demonspawn Hedge Wizard)        Turns: 4292, Time: 00:10:21

Health: -6/32      AC:  4    Str: 10    XL:     4   Next: 91%
Magic:  6/8        EV: 12    Int: 16    God:
Gold:   111        SH:  0    Dex: 14    Spells: 8/9 levels left

rFire   + . .      SeeInvis .   e - staff of fire
rCold   . . .      Faith    .   l - orb {*channel}
rNeg    . . .      Spirit   .   b - +0 robe
rPois   .          Reflect  .   c - +0 hat
rElec   .          Harm     .   (no cloak)
rCorr   .          Rampage  .   (no gloves)
Will    .....                   (no boots)
Stlth   ++........              (no amulet)
HPRegen 0.10/turn               (no ring)
MPRegen 0.11/turn               (no ring)

@: no status effects
A: hooves 1, thin metallic scales 1
a: no special abilities


You were on level 3 of the Dungeon.
You visited 1 branch of the dungeon, and saw 3 of its levels.

You collected 111 gold pieces.

Inventory:

Hand Weapons
 a - a +0 dagger
 i - a +4 dagger of venom
Armour
 b - a +0 robe (worn)
 c - a +0 hat (worn)
 g - a +2 helmet
 l - an orb of energy (worn)
Magical Staves
 d - a staff of air
 e - a staff of fire (weapon)
 h - a staff of cold
Potions
 f - a potion of heal wounds
 k - 2 potions of attraction {unknown}


   Skills:
 + Level 1.2 Fighting
 * Level 1.3 Staves
 + Level 1.0 Armour
 + Level 2.1 Dodging
 + Level 2.3 Stealth
 + Level 3.3 Spellcasting
 + Level 1.8 Conjurations
 - Level 1.0 Summonings
 + Level 1.5 Translocations
 + Level 0.6 Fire Magic
 + Level 0.1 Ice Magic
 + Level 0.4 Air Magic


You had 8 spell levels left.
You knew the following spells:

 Your Spells              Type           Power      Damage    Failure   Level
a - Magic Dart            Conj           32%        1d4       9%          1

Your spell library contained the following spells:

 Spells                   Type           Power      Damage    Failure   Level
 Blink                    Tloc           14%        N/A       16%         2
 Slow                     Hex            8%         N/A       19%         1
 Call Imp                 Summ           5%         N/A       19%         2
 Conjure Flame            Conj/Fire      9%         6-21      32%         3
 Mephitic Cloud           Conj/Pois/Air  5%         N/A       36%         3


Dungeon Overview and Level Annotations

Branches:
Dungeon (3/15)

Altars:
Cheibriados


Innate Abilities, Weirdness & Mutations

You have large cloven feet.
You are partially covered in thin metallic scales. (AC +2)


Message History

The worm is lightly wounded.
The worm barely misses you.
You hit the worm.
The worm is moderately wounded.
You hit the worm but do no damage. Your kick misses the worm.
The worm is moderately wounded.
The worm closely misses you.
You hit the worm.
The worm is moderately wounded.
The worm misses you.
You hit the worm.
The worm is moderately wounded.
You hit the worm.
The worm is moderately wounded.
The worm bites you.
* * * LOW HITPOINT WARNING * * *
You hit the worm. You kick the worm.
The worm is severely wounded.
The worm closely misses you.
You barely miss the worm.
The worm is severely wounded.
You hit the worm but do no damage.
The worm is severely wounded.
The worm bites you.
* * * LOW HITPOINT WARNING * * *
You hit the worm but do no damage.
The worm is heavily wounded.
The worm barely misses you.
Aiming: Magic Dart (safe; 9% risk of failure)
Press: ? - help, Q - select action Shift-Dir - straight line, f - worm
Aim: a worm (heavily wounded, 100% to hit)
The magic dart hits the worm.
The worm is severely wounded.
Aiming: Magic Dart (safe; 9% risk of failure)
Press: ? - help, Q - select action Shift-Dir - straight line, f/p - worm
Aim: a worm (severely wounded, 100% to hit)
The magic dart hits the worm.
The worm is severely wounded.
The worm bites you!
You die...

###...... ....
....#... .....
#...... ..... #..#.##
.w.... #)....#
###......
#.##..###........
#.........# .###
#..†.....)# ....
#..@w####)#
#....#....# #.#
#....#...## #.#
#.......# #)#
#.......#####.##
#...........#..##
#...#...#.......####
#####..............##
#...........##...


You could see a worm.

Vanquished Creatures
  A mummy (D:3)
  Robin (D:3)
  2 adders
  A worm (D:2)
  A dart slug (D:1)
  7 ball pythons
  2 endoplasms (D:1)
  2 giant cockroaches
  11 goblins
  14 hobgoblins
  9 jackals (D:2)
  5 kobolds
  4 quokkas
  7 bats
  A frilled lizard (D:1)
  6 rats
74 creatures vanquished.

Notes
Turn   | Place    | Note
-------+----------+-------------------------------------------
     0 | D:1      | Sin92 the Demonspawn Hedge Wizard began the quest for the
                  | Orb.
     0 | D:1      | Reached XP level 1. HP: 13/13 MP: 4/4
   369 | D:1      | Reached skill level 1 in Translocations
   392 | D:1      | Gained mutation: You have large cloven feet. [demonic
                  | ancestry]
   392 | D:1      | Reached XP level 2. HP: 14/19 MP: 1/6
  1070 | D:1      | Found a faded altar of an unknown god.
  1703 | D:1      | Gained mutation: You are partially covered in thin metallic
                  | scales. (AC +2) [demonic ancestry]
  1703 | D:1      | Reached XP level 3. HP: 15/25 MP: 0/7
  2334 | D:2      | Reached skill level 1 in Fighting
  2939 | D:2      | Reached XP level 4. HP: 32/32 MP: 1/8
  3611 | D:2      | Reached skill level 1 in Staves
  3887 | D:3      | Found a snail-covered altar of Cheibriados.
  3902 | D:3      | Reached skill level 1 in Armour
  4218 | D:3      | Noticed Robin
  4253 | D:3      | Killed Robin
  4292 | D:3      | Mangled by a worm

Illustrated notes

Levels and vault maps discovered:
D:1:      sevenhm_arrival_forest_fort_small_5, layout_basic,
          ebering_ecumenical_altar_rust
D:2:      layout_loops_cross, kennysheep_generic_room_13
D:3:      layout_rooms, trog_book, old_standard_altar, slow_altar_1,
          uniq_terence, uniq_robin

Skill      XL: |  1  2  3  4 |
---------------+-------------+-----
Translocations | 1 |  1.5
Stealth        | 2 |  2.3
Dodging        | 2 |  2.1
Fighting       | 1 |  1.2
Staves         | 1 |  1.3
Armour         | 1 |  1.0
Spellcasting   | |  3.3
Conjurations   | |  1.8
Summonings     | |  1.0
Fire Magic     | |  0.6
Ice Magic      | |  0.1
Air Magic      | |  0.4

Action                   |  1- 3 |  4- 6 || total
-------------------------+-------+-------++-------
Melee: Staff             |    47 |    53 ||   100
       Dagger            |     4 |       ||     4
       Kick              |     8 |    18 ||    26
       Punch             |     1 |       ||     1
 Cast: Magic Dart        |   105 |    62 ||   167
  Use: Scroll            |     1 |     1 ||     2
       Potion            |       |     2 ||     2
 Stab: Sleeping          |     1 |       ||     1
Armor: Robe              |    19 |    15 ||    34
       Skin              |       |    27 ||    27
Dodge: Dodged            |    37 |    46 ||    83
